 Dungeon Crawl Stone Soup version 0.21-a0-442-g848f44b (webtiles) character file.

60693 kae the Geomancer (level 15, -6/91 HPs)
             Began as a Gargoyle Earth Elementalist on Nov 16, 2017.
             Was a High Priest of Vehumet.
             Mangled by a skeletal warrior
             ... wielding a +0 glaive
             ... led by a skeletal warrior
              (17 damage)
             ... on level 11 of the Dungeon.
             The game lasted 00:31:52 (27035 turns).

kae the Geomancer (Gargoyle Earth Elementalist)    Turns: 27035, Time: 00:31:53

Health: -6/91      AC: 19    Str: 11    XL:     15   Next: 0%
Magic:  0/30       EV: 16    Int: 26    God:    Vehumet [*****.]
Gold:   956        SH:  5    Dex: 13    Spells: 28/37 levels left

rFire    . . .     SeeInvis .   U - +5 mace of Siecrur {drain, rPois Dex+3}
rCold    . . .     Gourm    .   C - +0 buckler
rNeg     + + .     Faith    .   p - +2 robe {MR+}
rPois    ∞         Spirit   +   (no helmet)
rElec    +         Reflect  .   K - +0 cloak
rCorr    .         Harm     .   o - +2 pair of gloves
MR       ++...                  (no boots)
Stlth    ++........             t - amulet of guardian spirit
HPRegen  0.25/turn              r - +3 ring of intelligence
MPRegen  0.22/turn              B - ring of positive energy

@: no status effects
A: big wings, negative energy resistance 1, electricity resistance, unbreathing,
petrification resistance, rot immunity, AC +11
a: Fly, Renounce Religion


You were on level 11 of the Dungeon.
You worshipped Vehumet.
Vehumet was extremely pleased with you.
You were hungry.

You visited 2 branches of the dungeon, and saw 17 of its levels.
You also visited: Ossuary.

You collected 978 gold pieces.
You spent 22 gold pieces at shops.

Inventory:

Hand Weapons
 U - the +5 mace of Siecrur (weapon) {drain, rPois Dex+3}
   (You found it on level 9 of the Dungeon)

   A truly terrible weapon, it drains the life of those it strikes.
   It affects your dexterity (+3).
   It protects you from poison.
Missiles
 b - 117 stones (quivered)
Armour
 o - a +2 pair of gloves (worn)
 p - a +2 robe of magic resistance (worn)
 C - a +0 buckler (worn)
 K - a +0 cloak (worn)
Magical Staves
 R - an uncursed staff of wizardry
Jewellery
 r - a +3 ring of intelligence (left hand)
 t - an amulet of guardian spirit (around neck)
 z - an uncursed ring of ice
 B - a ring of positive energy (right hand)
 D - an uncursed ring of protection from cold
 H - an uncursed ring of protection from fire
Wands
 s - a wand of lightning (7/15)
 I - a wand of enslavement (2/24)
 J - a wand of confusion (23/48)
 L - a wand of clouds (9/9)
 N - a wand of paralysis (10/24)
 Q - a wand of digging (12/24)
 S - a wand of random effects (22/48)
 V - a wand of paralysis (13/24)
 X - a wand of paralysis (3/24)
Scrolls
 a - 3 scrolls of magic mapping
 c - a scroll of recharging
 g - a scroll of enchant weapon
 h - 5 scrolls of teleportation
 k - 8 scrolls of identify
 l - a scroll of fear
 n - 6 scrolls of remove curse
 y - a scroll of acquirement
 E - a scroll of blinking
 M - 4 scrolls of amnesia
 P - a scroll of silence
Potions
 f - 2 potions of brilliance
 i - 9 potions of curing
 u - 2 potions of ambrosia
 v - a potion of agility
 w - 2 potions of haste
 x - 3 potions of invisibility
 A - a potion of berserk rage
 F - 5 potions of heal wounds
 G - 2 potions of cancellation
 W - 2 potions of magic
Books
 e - a book of Geomancy

   Spells                             Type                      Level
   a - Sandblast                      Earth                        1
   b - Passwall                       Transmutation/Earth          2
   c - Stone Arrow                    Conjuration/Earth            3
   d - Petrify                        Transmutation/Earth          4
   e - Lee's Rapid Deconstruction     Earth                        5
 q - a book of Callings

   Spells                             Type                      Level
   a - Summon Small Mammal            Summoning                    1
   b - Call Imp                       Summoning                    2
   c - Call Canine Familiar           Summoning                    3
   d - Summon Guardian Golem          Hexes/Summoning              3
   e - Summon Lightning Spire         Summoning/Air                4
   f - Summon Ice Beast               Ice/Summoning                4
 O - a book of Beasts

   Spells                             Type                      Level
   a - Summon Butterflies             Summoning                    1
   b - Call Canine Familiar           Summoning                    3
   c - Summon Ice Beast               Ice/Summoning                4
   d - Summon Mana Viper              Hexes/Summoning              5
   e - Summon Hydra                   Summoning                    7
 T - the Incunabulum of Lightness and Summoning
   (You found it on level 9 of the Dungeon)

   Spells                             Type                      Level
   a - Summon Butterflies             Summoning                    1
   b - Mephitic Cloud                 Conjuration/Poison/Air       3
   c - Conjure Ball Lightning         Conjuration/Air              6
Comestibles
 d - 10 bread rations
 j - 4 meat rations
 m - 2 fruits


   Skills:
 + Level 9.6 Fighting
 + Level 7.4 Dodging
 - Level 2.1 Stealth
 - Level 4.1 Shields
 * Level 11.6 Spellcasting
 * Level 13.2 Conjurations
   Level 0.7 Transmutations
 * Level 14.7 Earth Magic
 + Level 6.9 Evocations


You had 28 spell levels left.
You knew the following spells:

 Your Spells              Type           Power        Failure   Level  Hunger
a - Sandblast             Erth           ######       0%          1    None
b - Stone Arrow           Conj/Erth      ######       1%          3    None
c - Lee's Rapid Deconstr  Erth           #######...   1%          5    ###....


Dungeon Overview and Level Annotations

Branches:
Dungeon (11/15)            Temple (0/1) D:7            Lair (6/6) D:9
  Swamp (0/4) Lair:4        Snake (0/4) Lair:3        Slime (0/5) Lair:5
    Orc: D:9-12

Altars:
Dithmenos
Fedhas
Gozag
Nemelex Xobeh
Okawaru
Ru
Vehumet
Yredelemnul
Zin
The Shining One

Shops:
D:4 }   D:7 [   D:8 [


Innate Abilities, Weirdness & Mutations

You are resistant to torment.
Your stone body is resilient. (AC +11)
You are immune to poison.
Your large and strong wings let you fly indefinitely.
You resist negative energy. (rN+)
You are resistant to electric shocks. (rElec)
You can survive without breathing.
You are immune to petrification.
You are immune to rotting.


Message History

Casting: Sandblast
Confirm with . or Enter, or press ? or * to list all spells.
Aiming: Sandblast
Press: ? - help, Shift-Dir - straight line, f/p - skeletal warrior
Aim: a skeletal warrior, wielding a war axe (almost destroyed)
The blast of sand hits the skeletal warrior.
The skeletal warrior is almost destroyed.
b - 118 stones The skeletal warrior hits you with a war axe!
* * * LOW HITPOINT WARNING * * *
Casting: Sandblast
Confirm with . or Enter, or press ? or * to list all spells.
Aiming: Sandblast
Press: ? - help, Shift-Dir - straight line, f/p - skeletal warrior
Aim: a skeletal warrior, wielding a war axe (almost destroyed)
The blast of sand hits the skeletal warrior.
The skeletal warrior is almost destroyed.
b - 117 stones The skeletal warrior hits you from afar with a glaive!!
You die...

###### .#...# ########
.#.#.# #......# #####
.#.#.#####......# ####......
.###.'.z##......###..'.$....
...#o##§........##z.##......
##.#p#####......@z.## .o..[
.#.#z# #).....#### .p..
##)#.# #......#


W.o .#.#W# #......# zo ##.#.# #......# . .....# #......# ##'### #......# #.#
#......# ##.# ####.### You could see 2 skeletal warriors.

Vanquished Creatures
  Rupert (Lair:6)
  Kirke (Lair:4)
  Fannar (D:10)
  Harold (Lair:2)
  7 hydras
  5 two-headed ogres
  Urug (Lair:2)
  Sonja (D:10)
  Nergalle (Lair:4)
  An unseen horror (D:11)
  A cyclops (D:9)
  A manticore (D:9)
  3 ugly things
  8 elephants
  Maurice (D:10)
  Psyche (D:10)
  7 black mambas
  22 spiny frogs
  A gargoyle (D:11)
  3 rime drakes
  A troll (D:10)
  5 komodo dragons
  3 polar bears
  7 tyrant leeches
  23 blink frogs
  4 dream sheep (Lair:4)
  5 hippogriffs
  2 spriggans
  2 wyverns
  A vampire (D:9)
  7 hogs
  24 yaks
  2 basilisks
  A hungry ghost (D:9)
  A steam dragon (D:9)
  6 vampire mosquitoes (Lair:6)
  4 nagas (Lair:3)
  A soldier ant (D:9)
  13 water moccasins
  12 porcupines
  5 orc warriors
  3 sky beasts
  4 phantoms
  6 ice beasts
  5 necrophages (D:7)
  A black bear (Lair:3)
  30 wolves
  10 ogres
  8 centaurs
  An elf zombie (Ossuary)
  A big kobold (D:11)
  13 crocodiles
  34 bullfrogs
  A gnoll sergeant (D:10)
  5 scorpions
  14 killer bees
  3 wights (D:9)
  8 electric eels
  3 howler monkeys (D:10)
  5 crimson imps
  3 bullfrog zombies
  A human zombie (Ossuary)
  A quasit (D:9)
  5 hounds
  4 orc wizards
  5 jellies
  4 orc priests
  2 centaur skeletons
  3 iguanas
  Ijyb (D:5)
  5 worker ants
  A big kobold zombie (Ossuary)
  2 hound zombies
  A hound skeleton (D:9)
  4 mummies (Ossuary)
  Robin (D:2)
  4 gnolls (D:10)
  A howler monkey skeleton (D:9)
  9 adders
  A shadow imp (D:9)
  An ufetubus (D:9)
  3 oozes
  3 adder zombies
  An adder skeleton (D:5)
  11 dart slugs
  A worm (D:3)
  A leopard gecko (D:6)
  26 orcs
  2 giant cockroaches (D:1)
  15 goblins
  10 hobgoblins
  9 jackals
  7 kobolds
  11 quokkas
  A ball python (D:2)
  6 bats
  2 frilled lizards (D:2)
  A gnoll zombie (Ossuary)
  A goblin zombie (Ossuary)
  A jackal zombie (Ossuary)
  A kobold zombie (Ossuary)
  2 orc zombies (Ossuary)
  A quokka skeleton (D:7)
  A quokka zombie (D:5)
  7 rats
  A rat zombie (Ossuary)
  3 fungi (Lair:6)
  A plant (D:7)
540 creatures vanquished.

Vanquished Creatures (others)
  A water moccasin (Lair:5)
  A goblin zombie (Ossuary)
  2 bushes
  34 fungi
  72 plants
110 creatures vanquished.

Grand Total: 650 creatures vanquished

Notes
Turn   | Place    | Note
-------+----------+-------------------------------------------
     0 | D:1      | kae the Gargoyle Earth Elementalist began the quest for the Orb.
     0 | D:1      | Reached XP level 1. HP: 10/10 MP: 3/3
   335 | D:1      | Reached skill level 4 in Earth Magic
   335 | D:1      | Reached XP level 2. HP: 9/15 MP: 3/5
   955 | D:1      | Reached XP level 3. HP: 3/19 MP: 4/6
  1160 | D:1      | Learned a level 3 spell: Stone Arrow
  1405 | D:2      | Found a basalt altar of Yredelemnul.
  1588 | D:2      | Noticed Robin
  1916 | D:2      | Reached skill level 1 in Conjurations
  2064 | D:2      | Killed Robin
  2064 | D:2      | Reached XP level 4. HP: 22/24 MP: 2/8
  2677 | D:2      | Found a radiant altar of Vehumet.
  2727 | D:2      | Found a sacrificial altar of Ru.
  2984 | D:2      | Became a worshipper of Vehumet
  3094 | D:3      | Reached skill level 1 in Fighting
  3094 | D:3      | Reached XP level 5. HP: 23/29 MP: 7/9
  3172 | D:3      | Reached skill level 5 in Earth Magic
  3604 | D:3      | Found a faded altar of an unknown god.
  3927 | D:4      | Reached * piety under Vehumet
  3927 | D:4      | Offered knowledge of Flame Tongue by Vehumet.
  4046 | D:4      | Reached XP level 6. HP: 26/34 MP: 6/11
  4454 | D:4      | Found Guiloumu's Gadget Emporium.
  4778 | D:5      | Entered Level 5 of the Dungeon
  4808 | D:5      | Noticed Ijyb
  4819 | D:5      | Killed Ijyb
  5290 | D:5      | Found a blossoming altar of Fedhas.
  5395 | D:5      | Reached XP level 7. HP: 35/40 MP: 13/13
  5475 | D:5      | Reached skill level 6 in Earth Magic
  6173 | D:6      | Reached XP level 8. HP: 45/45 MP: 6/15
  6426 | D:6      | Found a blossoming altar of Fedhas.
  6812 | D:7      | Found a staircase to the Ecumenical Temple.
  6856 | D:6      | Reached skill level 5 in Spellcasting
  6856 | D:6      | Reached skill level 5 in Conjurations
  6856 | D:6      | Reached skill level 7 in Earth Magic
  7158 | D:7      | Reached ** piety under Vehumet
  7158 | D:7      | Offered knowledge of Shock by Vehumet.
  7216 | D:7      | Found an opulent altar of Gozag.
  7393 | D:7      | Found a blossoming altar of Fedhas.
  7453 | D:7      | Found Kekula's Armour Boutique.
  7461 | D:7      | Bought a cursed +0 buckler for 22 gold pieces
  7941 | D:7      | Reached skill level 1 in Shields
  7950 | D:7      | Reached XP level 9. HP: 46/52 MP: 1/17
  8292 | D:8      | Got an iridescent spear
  8320 | D:8      | Identified the cursed +0 spear "Sutavif" {freeze, MR+ SInv} (You found it on level 8 of the Dungeon)
  8328 | D:8      | Reached skill level 8 in Earth Magic
  8362 | D:8      | Found a sand-covered staircase.
  8367 | Ossuary  | Entered an ossuary
  8671 | D:8      | Identified 2 scrolls of acquirement
  8724 | D:8      | Offered knowledge of Mephitic Cloud by Vehumet.
  9022 | D:8      | Found Estoc's Armour Boutique.
  9463 | D:8      | Found a shadowy altar of Dithmenos.
  9476 | D:8      | Found an iron altar of Okawaru.
  9478 | D:8      | Found a sparkling altar of Nemelex Xobeh.
  9479 | D:8      | Found a glowing silver altar of Zin.
  9481 | D:8      | Found a glowing golden altar of the Shining One.
  9602 | D:9      | Reached *** piety under Vehumet
  9905 | D:9      | Noticed a polar bear
  9915 | D:9      | Killed a polar bear
  9915 | D:9      | Reached skill level 9 in Earth Magic
  9915 | D:9      | Reached skill level 1 in Evocations
  9915 | D:9      | Reached XP level 10. HP: 42/58 MP: 3/20
 10131 | D:9      | Found a staircase to the Lair.
 10352 | D:9      | Noticed a two-headed ogre
 10416 | D:9      | Killed a two-headed ogre
 10416 | D:9      | Reached skill level 5 in Fighting
 10750 | D:9      | Noticed a two-headed ogre
 10751 | D:9      | Noticed a two-headed ogre
 10760 | D:9      | Killed a two-headed ogre
 10763 | D:9      | Killed a two-headed ogre
 10856 | D:9      | Offered knowledge of Dazzling Spray by Vehumet.
 10856 | D:9      | Reached skill level 10 in Earth Magic
 10966 | D:9      | Noticed a manticore
 10969 | D:9      | Killed a manticore
 10969 | D:9      | Reached XP level 11. HP: 63/64 MP: 7/22
 11215 | D:9      | Noticed a green ugly thing
 11405 | D:9      | Noticed a cyclops
 11419 | D:9      | Killed a green ugly thing
 11419 | D:9      | Reached **** piety under Vehumet
 11492 | D:9      | Killed a cyclops
 11572 | D:9      | Got a clouded lapis lazuli ring
 11577 | D:9      | Identified the Incunabulum of Lightness and Summoning
 11583 | D:9      | Got a slimy mace
 11949 | Lair:1   | Entered Level 1 of the Lair of Beasts
 11951 | Lair:1   | Identified the ring of the Archfiend {rCorr *Slow +Inv +Fly rPois} (You found it on level 9 of the Dungeon)
 11960 | Lair:1   | Identified the +5 mace of Siecrur {drain, rPois Dex+3} (You found it on level 9 of the Dungeon)
 12046 | Lair:1   | Offered knowledge of Ignite Poison by Vehumet.
 12046 | Lair:1   | Reached skill level 5 in Dodging
 12482 | Lair:1   | Reached skill level 11 in Earth Magic
 12748 | Lair:1   | Learned a level 5 spell: Lee's Rapid Deconstruction
 12858 | Lair:1   | Noticed a four-headed hydra
 12868 | Lair:1   | Killed a four-headed hydra
 13077 | Lair:1   | Reached XP level 12. HP: 62/71 MP: 3/24
 13284 | Lair:1   | Noticed a seven-headed hydra
 13291 | Lair:1   | Killed a seven-headed hydra
 13675 | Lair:1   | Reached skill level 10 in Conjurations
 14104 | Lair:2   | Noticed Urug
 14110 | Lair:2   | Killed Urug
 14253 | Lair:2   | Noticed a six-headed hydra
 14261 | Lair:2   | Killed a six-headed hydra
 14576 | Lair:2   | Reached ***** piety under Vehumet
 14616 | Lair:2   | Noticed Harold
 14623 | Lair:2   | Killed Harold
 14623 | Lair:2   | Offered knowledge of Irradiate by Vehumet.
 14623 | Lair:2   | Reached skill level 12 in Earth Magic
 15546 | Lair:3   | Found a staircase to the Snake Pit.
 15659 | Lair:3   | Noticed an eight-headed hydra
 15664 | Lair:3   | Killed an eight-headed hydra
 16657 | Lair:4   | Reached skill level 5 in Evocations
 16736 | Lair:4   | Reached XP level 13. HP: 78/78 MP: 18/26
 17091 | Lair:4   | Reached skill level 10 in Spellcasting
 17402 | Lair:4   | Noticed Kirke
 17560 | Lair:3   | Reached skill level 13 in Earth Magic
 18228 | Lair:4   | Noticed Nergalle
 18236 | Lair:4   | Killed Nergalle
 18427 | Lair:4   | Killed Kirke
 18561 | Lair:4   | Found a staircase to the Swamp.
 19850 | Lair:5   | Found a staircase to the Slime Pits.
 20473 | Lair:6   | Entered Level 6 of the Lair of Beasts
 21123 | Lair:6   | Offered knowledge of Lightning Bolt by Vehumet.
 21180 | Lair:6   | Gained mutation: Your large and strong wings let you fly indefinitely. [Gargoyle growth]
 21180 | Lair:6   | Reached XP level 14. HP: 84/84 MP: 17/28
 21765 | Lair:6   | Reached skill level 14 in Earth Magic
 22143 | Lair:6   | Noticed Rupert
 24132 | Lair:6   | Paralysed by Rupert for 6 turns
 24148 | Lair:6   | Killed Rupert
 24738 | D:10     | Entered Level 10 of the Dungeon
 24812 | D:10     | Noticed Sonja
 24883 | D:10     | Killed Sonja
 24885 | D:10     | Offered knowledge of Bolt of Fire by Vehumet.
 25366 | D:10     | Noticed Maurice
 25430 | D:10     | Killed Maurice
 25441 | D:10     | Noticed Fannar
 25503 | D:10     | Killed Fannar
 25811 | D:10     | Noticed Psyche
 25816 | D:10     | Killed Psyche
 26979 | D:11     | Reached XP level 15. HP: 73/91 MP: 27/30
 27035 | D:11     | Mangled by a skeletal warrior

Vault maps used:
D:1:      evilmike_arrival_grusome_pit
D:2:      nicolae_ru_the_path_less_chosen,
          chequers_temple_overflow_statue_of_worship, grunt_ministairs_4,
          uniq_robin
D:3:      first_bread, chequers_ecumenical_altar_simple, nrook_loot_triangle
D:4:      kennysheep_slugbush, serial_shops, shop
D:5:      basic_altar, uniq_ijyb
D:6:      chequers_big_river, lemuel_statue_altar
D:7:      minmay_temple_entry_statues_fountains, serial_shops,
          nicolae_shop_crystal, basic_altar, fedhas_altar_decomposition
D:8:      minitemple, serial_shops, shop, enter_ossuary_2, the_bakery,
          item_on_display_a
D:9:      minmay_the_grid_triangle_9x9_rhombus_full, serial_ice, serial_ice_h,
          serial_ice_c, serial_ice_d, serial_ice_n, minmay_misc_feat_ornament
D:10:     uniq_maurice, uniq_fannar, uniq_psyche, uniq_sonja
D:11:     uniq_grum
Lair:1:   grunt_forest_large_clearing_hut, grunt_megastairs_1
Lair:2:   infiniplex_staircase_pool, uniq_urug, uniq_harold
Lair:3:   minmay_snake_entry_guardpost_small
Lair:4:   minmay_swamp_entry_worms, uniq_nergalle, uniq_kirke
Lair:5:   nicolae_slime_entry_slimehenge, serial_bayou_shore_a
Lair:6:   minmay_lair_end_frog_pond, uniq_rupert
Ossuary:  ossuary_minmay_tomb_2a

Skill      XL: |  1  2  3  4  5  6  7  8  9 10 11 12 13 14 |
---------------+-------------------------------------------+-----
Earth Magic    | 4 5 6 7 9 10 11 12 13 14 | 14.7
Conjurations   | 1 2 3 4 5 7 8 9 10 12 13 | 13.2
Spellcasting   | 3 4 5 6 7 8 9 10 11 | 11.6
Fighting       | 1 2 3 4 5 6 7 8 9 |  9.6
Dodging        | 2 3 4 5 6 7 |  7.4
Shields        | 1 3 4 |  4.1
Evocations     | 1 2 3 5 6 |  6.9
Stealth        | |  2.1
Transmutations | |  0.7

Action                   |  1- 3 |  4- 6 |  7- 9 | 10-12 | 13-15 || total
-------------------------+-------+-------+-------+-------+-------++-------
Melee: Unarmed           |    20 |       |       |       |     9 ||    29
       Club              |    96 |       |       |       |       ||    96
       Hand axe          |    21 |   260 |   387 |    44 |       ||   712
       Mace              |       |       |       |   126 |   485 ||   611
 Cast: Sandblast         |    14 |    39 |    57 |    70 |   180 ||   360
       Stone Arrow       |       |    17 |    74 |   208 |   395 ||   694
       Lee's Rapid Decon |       |       |       |    11 |     7 ||    18
  Use: Scroll            |     1 |     5 |    18 |     4 |    13 ||    41
       Potion            |       |     1 |       |     1 |     2 ||     4
 Stab: Sleeping          |     2 |     4 |     3 |       |       ||     9
  Eat: Chunk             |     4 |    11 |    10 |    23 |    31 ||    79
       Fruit             |       |     1 |     3 |     2 |       ||     6
       Meat ration       |       |       |     1 |       |       ||     1
       Royal jelly       |       |       |       |       |     1 ||     1
Armor: Robe              |    62 |   129 |   199 |   155 |   438 ||   983
Dodge: Dodged            |   124 |   242 |   253 |   304 |   871 ||  1794
Block: Buckler           |       |       |    32 |    75 |   288 ||   395

Table legend:
 A = Spawn XP
 B = Non-spawn XP
 C = Spawn XP percentage of total XP
 D = Spawn monster count
 E = Non-spawn monster count
 F = Spawn count percentage of total count
 G = Total turns spent on level
                    A         B        C        D         E        F      G
               +---------+---------+-------+---------+---------+-------+---------
         Total |       0 |   86705 |   0.0 |       0 |     533 |   0.0 | 27035
               +---------+---------+-------+---------+---------+-------+---------
           D:1 |       0 |      42 |   0.0 |       0 |      21 |   0.0 |  1404
           D:2 |       0 |      84 |   0.0 |       0 |      27 |   0.0 |  1592
           D:3 |       0 |     142 |   0.0 |       0 |      22 |   0.0 |   883
           D:4 |       0 |     171 |   0.0 |       0 |      17 |   0.0 |   899
           D:5 |       0 |     572 |   0.0 |       0 |      15 |   0.0 |  1083
           D:6 |       0 |     592 |   0.0 |       0 |      10 |   0.0 |  1116
           D:7 |       0 |    1008 |   0.0 |       0 |      20 |   0.0 |  1195
           D:8 |       0 |    1135 |   0.0 |       0 |      19 |   0.0 |  1066
           D:9 |       0 |    7945 |   0.0 |       0 |      47 |   0.0 |  2474
          D:10 |       0 |    6420 |   0.0 |       0 |      54 |   0.0 |  1238
          D:11 |       0 |    5660 |   0.0 |       0 |      31 |   0.0 |  1014
        Lair:1 |       0 |    9555 |   0.0 |       0 |      39 |   0.0 |  2183
        Lair:2 |       0 |    4663 |   0.0 |       0 |      15 |   0.0 |  1189
        Lair:3 |       0 |    5579 |   0.0 |       0 |      29 |   0.0 |  1641
        Lair:4 |       0 |   14054 |   0.0 |       0 |      51 |   0.0 |  2248
        Lair:5 |       0 |    5076 |   0.0 |       0 |      25 |   0.0 |  1831
        Lair:6 |       0 |   23796 |   0.0 |       0 |      79 |   0.0 |  3676
       Ossuary |       0 |     211 |   0.0 |       0 |      12 |   0.0 |   303
               +---------+---------+-------+---------+---------+-------+---------
